 Dungeon Crawl Stone Soup version 0.24-a0-181-gd121a6d (webtiles) character file.

Game seed: 10374023222889949119

34 Ijustatesigmund the Magician (level 3, 0/21 HPs)
             Began as an Octopode Wizard on Mar 14, 2019.
             Slain by an adder (1 damage)
             ... on level 2 of the Dungeon.
             The game lasted 00:04:29 (3128 turns).

Ijustatesigmund the Magician (Octopode Wizard)      Turns: 3128, Time: 00:04:29

Health: 0/21       AC:  1    Str:  6    XL:     3   Next: 31%
Magic:  7/7        EV: 13    Int: 20    God:
Gold:   62         SH:  0    Dex: 11    Spells: 2/8 levels left

rFire    . . .     SeeInvis .   e - +0 mace
rCold    . . .     Gourm    .   (no shield)
rNeg     . . .     Faith    .   a - +0 hat
rPois    .         Spirit   .   (no amulet)
rElec    .         Reflect  .   (no ring)
rCorr    .         Harm     .   (no ring)
MR       .....                  (no ring)
Stlth    +++.......             (no ring)
HPRegen  0.07/turn              (no ring)
MPRegen  0.10/turn              (no ring)
                                (no ring)
                                (no ring)

@: starving
A: almost no armour, stealthy swim, amphibious, 8 rings, constrict 8, camouflage
1, gelatinous body 1
a: no special abilities


You were on level 2 of the Dungeon.
You were starving.

You visited 1 branch of the dungeon, and saw 2 of its levels.

You collected 62 gold pieces.

Inventory:

Hand Weapons
 e - a +0 mace (weapon)
Armour
 a - a +0 hat (worn)
Potions
 b - a potion of mutation {unknown}
 d - a potion of curing {unknown}


   Skills:
 - Level 2.0 Dodging
 - Level 2.6 Stealth
 - Level 3.0 Spellcasting
 + Level 2.6 Conjurations
   Level 1.0 Summonings
 + Level 1.9 Translocations


You had 2 spell levels left.
You knew the following spells:

 Your Spells              Type           Power        Failure   Level  Hunger
a - Magic Dart            Conj           ##..         4%          1    None
b - Blink                 Tloc           N/A          10%         2    ##.....
c - Conjure Flame         Conj/Fire      #.......     26%         3    ###....

Your spell library contained the following spells:

 Spells                   Type           Power        Failure   Level  Hunger
 Call Imp                 Summ           #.......     14%         2    ##.....
 Slow                     Hex            #.......     22%         2    ##.....
 Mephitic Cloud           Conj/Pois/Air  #.......     30%         3    ###....


Dungeon Overview and Level Annotations

Branches:
Dungeon (2/15)

Altars:


Innate Abilities, Weirdness & Mutations

You cannot wear most types of armour.
You are very stealthy in the water. (Stealth+)
You are amphibious.
You can wear up to eight rings at the same time.
You can use your tentacles to constrict eight enemies at once.
Your skin changes colour to match your surroundings (Stealth+).
Your rubbery body absorbs attacks. (AC +1, EV +1)


Message History

The adder misses you. The quokka bites you. The adder closely misses you.
You closely miss the quokka. Your grab misses the quokka.
Your squeeze misses the quokka.
The quokka is moderately wounded.
The adder closely misses you. The quokka closely misses you.
The quokka bites you. The adder bites you.
You hit the quokka. Your grab misses the quokka.
The quokka is heavily wounded.
The adder bites you. The quokka bites you. The adder misses you.
The quokka bites you.
You closely miss the quokka. Your grab misses the quokka.
The quokka is heavily wounded.
The adder misses you. The quokka closely misses you. The adder bites you.
* * * LOW HITPOINT WARNING * * *
You hit the quokka.
You kill the quokka!
The adder bites you.
* * * LOW HITPOINT WARNING * * *
The adder closely misses you. The adder bites you.
You die...

#######
#.....# ##
#.....#
#######.r.
#.....#
#.........
#.....#
#.....#
#.S...###.r#
#..@..#...<#
#.....#.#.##
#.......#.
#.........#
#......##.#
#......!#.#
#########>
##


You could see an adder.

Vanquished Creatures
  A leopard gecko (D:1)
  2 giant cockroaches (D:1)
  2 goblins (D:1)
  5 hobgoblins
  5 jackals (D:1)
  A kobold (D:1)
  A quokka (D:2)
  6 bats (D:1)
  7 rats (D:1)
30 creatures vanquished.

Notes
Turn   | Place    | Note
-------+----------+-------------------------------------------
     0 | D:1      | Ijustatesigmund the Octopode Wizard began the quest for the
                  | Orb.
     0 | D:1      | Reached XP level 1. HP: 11/11 MP: 4/4
  1024 | D:1      | Reached XP level 2. HP: 17/17 MP: 4/6
  1028 | D:1      | Learned a level 2 spell: Blink
  1917 | D:1      | Reached XP level 3. HP: 19/21 MP: 0/7
  1922 | D:1      | Learned a level 3 spell: Conjure Flame
  3127 | D:2      | HP: 1/21 [adder (5)]
  3128 | D:2      | Slain by an adder

Levels and vault maps discovered:
D:1:      dpeg_arrival_line_fractal, layout_basic
D:2:      minmay_chambers_of_twos, layout_basic

Skill      XL: |  1 |
---------------+----+-----
Conjurations   | 2 |  2.6
Dodging        | |  2.0
Stealth        | |  2.6
Spellcasting   | |  3.0
Summonings     | |  1.0
Translocations | |  1.9

Action                   || total
-------------------------++-------
Melee: Unarmed           ||    13
       Constrict         ||     6
       Mace              ||    12
       Tentacles         ||     2
 Cast: Magic Dart        ||    64
  Use: Scroll            ||     1
  Eat: Ration            ||     1
       Chunk             ||     1
Armor: Skin              ||     4
Dodge: Dodged            ||    34

Table legend:
 A = Non-vault XP
 B = Vault XP
 C = Vault XP percentage of total XP
 D = Non-vault monster count
 E = Vault monster count
 F = Vault count percentage of total count
                 A         B        C        D         E       F
            +---------+---------+-------+---------+---------+-------
      Total |      49 |       0 |   0.0 |      30 |       0 |   0.0
            +---------+---------+-------+---------+---------+-------
        D:1 |      45 |       0 |   0.0 |      28 |       0 |   0.0
        D:2 |       4 |       0 |   0.0 |       2 |       0 |   0.0
            +---------+---------+-------+---------+---------+-------
